 Dungeon Crawl Stone Soup version 0.31.0-4-g52a2dc7128 (webtiles) character file.

Game seed: 4829302067209629322

93 hawla the Firebug (level 4, -1/24 HPs)
             Began as a Deep Elf Fire Elementalist on Jan 22, 2024.
             Succumbed to a gnoll's poison
             ... on level 2 of the Dungeon.
             The game lasted 00:07:13 (1462 turns).

hawla the Firebug (Deep Elf Fire Elementalist)      Turns: 1462, Time: 00:07:13

Health: -1/24      AC:  2    Str:  5    XL:     4   Next: 36%
Magic:  6/11       EV: 13    Int: 22    God:
Gold:   171        SH:  0    Dex: 15    Spells: 3/10 levels left

rFire   . . .        c - +2 short sword (flame)
rCold   . . .        (no shield)
rNeg    . . .        a - +0 robe
rPois   .            (no helmet)
rElec   .            (no cloak)
rCorr   .            (no gloves)
SInv    .            (no boots)
Will    .....        (no amulet)
Stlth   ++           (no ring)
HPRegen 0.24/turn    (no ring)
MPRegen 0.12/turn

%: no passive effects
@: lethally poisoned (-1 -> -13)
A: no striking features
a: no special abilities


You were on level 2 of the Dungeon.
You visited 1 branch of the dungeon, and saw 3 of its levels.

You collected 171 gold pieces.

Inventory:

Hand Weapons
 c - a +2 short sword of flaming (weapon)
 l - a +0 scimitar
Armour
 a - a +0 robe (worn)
Scrolls
 f - a scroll of amnesia {unknown}
 g - a scroll of immolation
 h - a scroll of blinking {unknown}
 i - 2 scrolls of vulnerability {unknown}
 j - 2 scrolls of teleportation {unknown}
Potions
 b - a potion of magic
 d - a potion of curing {unknown}


   Skills:
 - Level 0.7(0.8) Short Blades
 - Level 0.3(0.5) Long Blades
 - Level 3.2 Dodging
 - Level 3.2 Stealth
 - Level 3.7 Spellcasting
 + Level 2.3 Conjurations
 - Level 3.8 Fire Magic


You had 3 spell levels left.
You knew the following spells:

 Your Spells              Type           Power      Damage    Failure   Level
a - Foxfire               Conj/Fire      68%        2x1d7     3%          1
b - Scorch                Fire           40%        2d6       3%          2
c - Flame Wave            Conj/Fire      17%        2d7       32%         4

Your spell library contained the following spells:

 Spells                   Type           Power      Damage    Failure   Level
 Inner Flame              Hex/Fire       12%        N/A       16%         3
 Volatile Blastmotes      Fire/Tloc      24%        2d12      16%         3
 Frozen Ramparts          Ice            8%         1d2       34%         3
 Leda's Liquefaction      Alch/Erth      2%         N/A       75%         4
 Petrify                  Alch/Erth      4%         N/A       75%         4
 Metabolic Englaciation   Hex/Ice        2%         N/A       97%         5


Dungeon Overview and Level Annotations

Branches:
Dungeon (3/15)

Altars:


Message History

The gnoll barely misses you.
The gnoll hits you from afar with a +0 spear of venom.
You are poisoned.
You barely miss the gnoll.
You feel sick. The gnoll misses you.
Unknown command.
Casting: Foxfire (safe; 3% risk of failure)
Confirm with . or Enter, or press ? or * to list all spells.
Casting: Flame Wave (astonishingly dangerous; 32% risk of failure)
Press: ? - help, Dir - look around, f - activate A wave of flame ripples out!
The flame wave engulfs the gnoll!
The gnoll is heavily wounded. (Press . to intensify the flame waves.)
You feel sick. The gnoll misses you. The gnoll closely misses you.
The gnoll hits you from afar with a +0 spear of venom.
You are lethally poisoned!
A wave of flame ripples out!
The flame wave engulfs the gnoll.
The gnoll is severely wounded.
The flame wave engulfs the gnoll.
The gnoll is heavily wounded.
The flame wave engulfs the gnoll!
The gnoll is almost dead.
You feel very sick. The gnoll misses you. The gnoll closely misses you.
The gnoll hits you from afar with a +0 spear of venom!
* * * LOW HITPOINT WARNING * * *
You are more poisoned.
You feel much better.
You feel very sick. The gnoll barely misses you. x2
As you read the scroll labelled ENYON HIKLOBBO, it crumbles to dust.
The creatures around you are filled with an inner flame!
It was a scroll of immolation.
You feel very sick.
The gnoll hits you with a +0 heavy flail.
The gnoll hits you from afar with a +0 spear.
The gnoll barely misses you. The gnoll hits you with a +0 whip!
* * * LOW HITPOINT WARNING * * *
As you read the scroll labelled DIUDI XIOWNO, it dissolves into smoke.
It was a scroll of fog.
You die...

......##..#..............#.#
#
..........>.###..###.....#.#
.....##).........###.....#.(
.....<...................#
........)...................
......##..#####.####........
......##..# #§# #.....###
......##.## #§##########
#...####.# #§@gg..... #####
### ###g§#.... #g.# . .#.. #
##


You could see 4 gnolls.

Vanquished Creatures
  2 adders (D:2)
  11 dart slugs
  An orc (D:3)
  4 ball pythons
  4 endoplasms
  2 giant cockroaches (D:1)
  5 goblins
  2 hobgoblins
  2 jackals (D:2)
  5 kobolds
  4 bats
  4 frilled lizards
  6 rats
52 creatures vanquished.

Vanquished Creatures (others)
  47 foxfires
47 creatures vanquished.

Grand Total: 99 creatures vanquished

Notes
Turn   | Place    | Note
-------+----------+-------------------------------------------
     0 | D:1      | hawla the Deep Elf Fire Elementalist began the quest for
                  | the Orb.
     0 | D:1      | Reached XP level 1. HP: 10/10 MP: 6/6
    68 | D:1      | Found a faded altar of an unknown god.
   150 | D:1      | Reached XP level 2. HP: 15/15 MP: 8/8
   613 | D:3      | Reached XP level 3. HP: 10/19 MP: 3/9
   775 | D:3      | Learned a level 2 spell: Scorch
  1160 | D:2      | Reached XP level 4. HP: 24/24 MP: 11/11
  1344 | D:2      | Learned a level 4 spell: Flame Wave
  1462 | D:2      | Succumbed to a gnoll's poison

Illustrated notes

Levels and vault maps discovered:
D:1:      amcnicky_arrival_abandoned_market, layout_rooms,
          basic_ecumenical_altar, nrook_campfire
D:2:      layout_rooms, minmay_misc_feat_rugged, kennysheep_generic_room_11
D:3:      kennysheep_slugbush, layout_basic, serial_glass, glass_columns_a,
          glass_columns_a, glass_columns_a, glass_columns_a,
          minmay_strange_pillars, feat_on_display, item_on_display_a,
          nicolae_elevator_lobby_plus

Skill      XL: |  1  2  3 |
---------------+----------+-----
Dodging        | 3 |  3.2
Stealth        | 3 |  3.2
Conjurations   | 2 |  2.3
Short Blades   | |  0.7
Long Blades    | |  0.3
Spellcasting   | |  3.7
Fire Magic     | |  3.8

Action                     |  1- 3 |  4- 6 || total
---------------------------+-------+-------++-------
  Melee: Short sword       |    59 |     9 ||    68
         Punch             |     1 |       ||     1
         Scimitar          |    15 |     9 ||    24
   Cast: Foxfire           |    24 |     2 ||    26
         Flame Wave        |       |     1 ||     1
    Use: Potion            |     3 |     1 ||     4
         Scroll            |       |     2 ||     2
   Stab: Sleeping          |     3 |       ||     3
 Armour: Robe              |    43 |    12 ||    55
  Dodge: Dodged            |    65 |    18 ||    83
